 Dungeon Crawl Stone Soup version 0.22.1-1-ga44c0e5 (webtiles) character file.

128930 MalarOregon the Fighter (level 16, -2/147 HPs)
             Began as a Minotaur Fighter on Sept 20, 2018.
             Was the Champion of the Shining One.
             Slain by an emperor scorpion (3 damage)
             ... on level 2 of the Spider Nest.
             The game lasted 01:08:06 (26708 turns).

MalarOregon the Fighter (Minotaur Fighter)         Turns: 26708, Time: 01:08:07

Health: -2/147     AC: 23    Str: 27    XL:     16   Next: 49%
Magic:  22/22      EV: 14    Int: 10    God:    the Shining One [******]
Gold:   1909       SH:  0    Dex: 12    Spells: 9/15 levels left

rFire    . . .     SeeInvis .   a - +4 long sword (freeze)
rCold    . . .     Gourm    .   c - +0 shield
rNeg     + + +     Faith    .   V - +1 chain mail "Ighib" {MR+ Int+3 Stlth-} (curse)
rPois    +         Spirit   .   J - +2 hat {MR+}
rElec    .         Reflect  +   w - +1 cloak
rCorr    .         Harm     .   s - +0 pair of gloves
MR       +++..                  C - +0 pair of boots
Stlth    ..........             D - +6 amulet of reflection
HPRegen  0.34/turn              S - ring "Istatetu" {AC+1 Str+3 Slay+2}
MPRegen  0.18/turn              r - ring of poison resistance

@: confused, glowing
A: retaliatory headbutt, horns 2
a: Divine Shield, Cleansing Flame, Summon Divine Warrior, Brand Weapon With Holy
Wrath, Renounce Religion


You were on level 2 of the Spider Nest.
You worshipped the Shining One.
The Shining One was exalted by your worship.
You were hungry.

You visited 3 branches of the dungeon, and saw 24 of its levels.
You also visited: Labyrinth and Ossuary.

You collected 1909 gold pieces.

Inventory:

Hand Weapons
 a - a +4 long sword of freezing (weapon)
 z - a +3 scimitar of flaming
   (You took it off Azrael on level 1 of the Spider Nest)
Missiles
 g - 14 javelins of penetration
 n - 3 throwing nets {!f}
 F - 5 tomahawks of dispersal {!f}
 T - 21 tomahawks (quivered)
 U - 17 javelins
Armour
 c - a +0 shield (worn)
 s - a +0 pair of gloves (worn)
   (You found it on level 3 of the Dungeon)
 w - a +1 cloak (worn)
   (You took it off Crazy Yiuf on level 2 of the Dungeon)
 C - a +0 pair of boots (worn)
   (You found it on level 4 of the Lair of Beasts)
 J - a +2 hat of magic resistance (worn)
   (You took it off Gastronok on level 8 of the Dungeon)
 V - the cursed +1 chain mail "Ighib" (worn) {MR+ Int+3 Stlth-}
   (You found it in a labyrinth)

   It affects your intelligence (+3).
   It affects your resistance to hostile enchantments.
   It makes you less stealthy.
   It has a curse placed upon it.
Jewellery
 i - an uncursed ring of protection from fire
   (You found it in an ossuary)
 o - an uncursed ring of protection from cold
   (You found it on level 4 of the Dungeon)
 p - an uncursed ring of wizardry
   (You found it on level 2 of the Lair of Beasts)
 r - a ring of poison resistance (right hand)
   (You found it in an ossuary)
 D - a +6 amulet of reflection (around neck)
   (You found it on level 2 of the Lair of Beasts)
 S - the ring "Istatetu" (left hand) {AC+1 Str+3 Slay+2}
   (You found it on level 12 of the Dungeon)

   [ring of protection]

   It affects your AC (+1).
   It affects your strength (+3).
   It affects your accuracy and damage with ranged weapons and melee attacks
   (+2).
Wands
 t - a wand of flame (52)
   (You found it on level 4 of the Dungeon)
 u - a wand of paralysis (27)
   (You found it on level 2 of the Lair of Beasts)
 v - a wand of digging (10)
   (You found it on level 6 of the Lair of Beasts)
 x - a wand of acid (7)
   (You found it on level 2 of the Lair of Beasts)
 I - a wand of polymorph (36)
   (You found it on level 8 of the Dungeon)
 Q - a wand of enslavement (29)
   (You found it on level 11 of the Dungeon)
Scrolls
 b - 2 scrolls of fear
 d - 5 scrolls of teleportation {@r4}
 h - 4 scrolls of fog
 j - 5 scrolls of remove curse {@r2}
 y - 3 scrolls of enchant weapon
 B - 3 scrolls of blinking
 G - 5 scrolls of magic mapping
 L - 6 scrolls of immolation {!r}
 N - 2 scrolls of vulnerability {!r}
 P - a scroll of torment {unknown}
 R - a scroll of summoning
 W - a scroll of silence {unknown}
 X - 2 scrolls of identify {@r1}
Potions
 f - 8 potions of curing {@q1}
 k - 4 potions of haste {@q3}
 l - a potion of might
 m - 3 potions of brilliance
 q - 2 potions of cancellation
 A - 11 potions of flight
 E - 3 potions of lignification {!q}
 H - 3 potions of agility
 K - 3 potions of resistance
 Y - a potion of magic {unknown}
Comestibles
 e - 53 rations {!d}


   Skills:
 + Level 14.7 Fighting
 - Level 14.0 Long Blades
 + Level 14.6 Armour
 + Level 10.5 Dodging
 + Level 14.6 Shields
 + Level 4.1 Transmutations
 + Level 4.4 Earth Magic
 + Level 9.9 Invocations
 + Level 9.1 Evocations


You had 9 spell levels left.
You knew the following spells:

 Your Spells              Type           Power        Failure   Level  Hunger
a - Statue Form           Tmut/Erth      #........    100%        6    #######

Your spell library contained the following spells:

 Spells                   Type           Power        Failure   Level  Hunger
 Apportation              Tloc           #.....       82%         1    ##.....
 Flame Tongue             Conj/Fire      #....        82%         1    ##.....
 Magic Dart               Conj           #...         82%         1    ##.....
 Summon Butterflies       Summ           #.......     82%         1    ##.....
 Spider Form              Tmut/Pois      #.........   88%         3    ####...
 Blink                    Tloc           N/A          91%         2    ###....
 Call Imp                 Summ           #.......     91%         2    ###....
 Slow                     Hex            #.......     91%         2    ###....
 Ignite Poison            Fire/Tmut/Pois #.......     94%         3    ####...
 Conjure Flame            Conj/Fire      #.......     99%         3    ####...
 Lesser Beckoning         Tloc           #.........   99%         3    ####...
 Mephitic Cloud           Conj/Pois/Air  #.......     99%         3    ####...
 Tukima's Dance           Hex            #.......     99%         3    ####...
 Ice Form                 Ice/Tmut       #.......     99%         4    #####..
 Leda's Liquefaction      Hex/Erth       #.........   99%         4    #####..
 Alistair's Intoxication  Tmut/Pois      #.......     100%        5    ######.
 Bolt of Magma            Conj/Fire/Erth #.........   100%        5    ######.
 Fireball                 Conj/Fire      #.........   100%        5    ######.
 Yara's Violent Unravell  Hex/Tmut       #.........   100%        5    ######.
 Bolt of Fire             Conj/Fire      #.........   100%        6    #######
 Invisibility             Hex            #.......     100%        6    #######
 Iron Shot                Conj/Erth      #.........   100%        6    #######
 Ring of Flames           Chrm/Fire      #.........   100%        7    #######
 Ignition                 Fire           #.........   100%        8    #######
 Shatter                  Erth           #.........   100%        9    #######


Dungeon Overview and Level Annotations

Branches:
Dungeon (15/15)            Temple (0/1) D:6            Lair (6/6) D:8
 Shoals (0/4) Lair:2       Spider (3/4) Lair:4        Slime (0/5) Lair:5
    Orc (0/2) D:12         Vaults (0/5) D:13         Depths (0/5) D:15

Altars:
Cheibriados
Dithmenos
Elyvilon
Okawaru
Ru
Sif Muna
Trog
Yredelemnul
The Shining One
Jiyva

Annotations:
D:14 1 runed door, Pulohom's ghost, journeyman DrTm


Innate Abilities, Weirdness & Mutations

You reflexively headbutt those who attack you in melee.
You have a pair of horns on your head.


Message History

The emperor scorpion claws you!
* * * LOW HITPOINT WARNING * * *
You block the emperor scorpion's attack. x2
The emperor scorpion closely misses you.
The orb of destruction hits the orb spider.
You blow up the orb spider!
The emperor scorpion stings you but does no damage.
The emperor scorpion claws you!
* * * LOW HITPOINT WARNING * * *
The emperor scorpion claws you but does no damage.
You climb upwards.
You are feeling hungry.
There is a stone staircase leading down here.
Unknown command.
You hit the emperor scorpion but do no damage.
You headbutt the emperor scorpion, but do no damage.
The emperor scorpion stings you!
* * * LOW HITPOINT WARNING * * *
You block the emperor scorpion's attack. x2
You barely miss the emperor scorpion.
You headbutt the emperor scorpion, but do no damage.
The emperor scorpion stings you but does no damage.
The emperor scorpion claws you!
* * * LOW HITPOINT WARNING * * *
You block the emperor scorpion's attack.
The emperor scorpion stings you but does no damage.
The emperor scorpion claws you but does no damage.
The emperor scorpion claws you.
* * * LOW HITPOINT WARNING * * *
You hit the emperor scorpion but do no damage.
You headbutt the emperor scorpion, but do no damage.
The emperor scorpion stings you but does no damage.
You block the emperor scorpion's attack. x3
The emperor scorpion closely misses you.
The emperor scorpion claws you but does no damage.
Unknown command.
You hit the emperor scorpion. You freeze the emperor scorpion.
Your headbutt misses the emperor scorpion.
The emperor scorpion stings you!
* * * LOW HITPOINT WARNING * * *
The emperor scorpion claws you but does no damage.
The emperor scorpion claws you.
* * * LOW HITPOINT WARNING * * *
You are confused.
You feel invigorated. The emperor scorpion stings you!!
* * * LOW HITPOINT WARNING * * *
The emperor scorpion claws you.
* * * LOW HITPOINT WARNING * * *
The emperor scorpion claws you.
You die...

.^###..##.....####..#..##.###
..≈.#^.^.....(..#.....(.###
..#......#####.##.......#
..#.....##...##≈....###≈#
..#....##...#≈....^....#####
..#...#≈....≈........^##...#
...........##..............##
.^.^.....###.........^......##
..........#^....@###.........#
.......##≈#.....ss.##......###
.....###.^..........##.....#
..####........###≈#..≈##..≈#
....^.....#.......#####≈≈≈##
..........#...<.......#####
^......####..#........##
..#.......##.#.........##
.≈#........##≈..........#


You could see 2 emperor scorpions.

Vanquished Creatures
  Rupert (Lair:4)
  Gastronok (D:8)
  A storm dragon (Lair:1)
  An emperor scorpion (Spider:1)
  2 ghost moths (Spider:1)
  An entropy weaver (Spider:1)
  The ghost of Yandel the Slicer, a journeyman DgAr (Spider:1)
  Azrael (Spider:1)
  2 minotaurs
  Snorg (D:14)
  A fire dragon (Lair:1)
  Josephine (Lair:6)
  The ghost of KeeTraxx the Grappler, a journeyman TrWr of Uskayaw (Lair:2)
  A great orb of eyes (D:11)
  A rakshasa (D:11)
  Harold (Lair:2)
  Erolcha (D:12)
  3 centaur warriors
  A hydra (D:12)
  4 catoblepae
  5 two-headed ogres
  2 satyrs (Lair:5)
  A queen ant (Lair:6)
  A death knight (D:14)
  A deep troll earth mage (D:14)
  15 death yaks
  A skeletal warrior (D:14)
  Nergalle (D:12)
  2 unseen horrors
  A glowing orange brain (D:15)
  An orc knight (D:13)
  A deep elf mage (D:15)
  8 ugly things
  10 wolf spiders
  9 orb spiders
  7 cyclopes
  An oklob plant (Lair:3)
  4 manticores
  A moth of wrath (Spider:2)
  21 elephants
  4 centaur zombies
  4 black mambas
  6 centaur skeletons
  8 spiny frogs
  2 kobold demonologists (D:14)
  3 freezing wraiths
  A rime drake (shapeshifter) (D:15)
  6 orange demons (D:13)
  A rime drake (Lair:6)
  6 komodo dragons
  An efreet (D:14)
  A yaktaur (D:15)
  10 demonic crawlers
  3 meliai (Lair:4)
  4 red devils (D:13)
  7 trolls
  21 jumping spiders
  2 queen bees
  A polar bear (Lair:6)
  A hornet (D:15)
  7 blink frogs
  A meliai zombie (D:15)
  6 hippogriffs
  7 slime creatures (D:15)
  A dream sheep (shapeshifter) (D:15)
  A shadow (D:14)
  Sigmund (D:1)
  3 wyverns
  3 vampires
  42 redbacks
  6 wraiths
  A hog (shapeshifter) (D:14)
  A water elemental (D:15)
  15 tarantellas
  48 yaks
  4 fire bats (Lair:1)
  3 hogs (D:10)
  17 humans
  Grum (Lair:1)
  9 basilisks
  2 fire elementals (Spider:1)
  An acid dragon (D:11)
  15 water moccasins
  2 soldier ants (D:14)
  5 hell hounds (Spider:1)
  7 porcupines
  2 sky beasts
  6 orc warriors
  An ice beast (shapeshifter) (D:15)
  4 ice beasts
  4 phantoms
  5 ogres
  2 eyes of draining
  12 wolves
  6 centaurs
  6 big kobolds
  4 crocodiles
  20 bullfrogs
  A wyvern zombie (D:6)
  6 earth elementals (D:12)
  A wyvern skeleton (D:13)
  5 scorpions
  3 electric eels
  43 killer bees
  5 howler monkeys
  5 crimson imps
  2 bullfrog zombies
  12 hounds
  A lava snake (Lair:1)
  A quasit (D:14)
  9 orc priests
  A bullfrog skeleton (D:10)
  4 gnoll shamans (D:7)
  A human zombie (D:5)
  5 orc wizards
  4 jellies
  Crazy Yiuf (D:2)
  Natasha (thrice) (D:2)
  5 iguanas
  12 worker ants
  A big kobold zombie (Ossuary)
  3 mummies (Ossuary)
  A hound zombie (D:8)
  A hound skeleton (D:5)
  2 worker ant zombies
  9 gnolls (D:7)
  14 adders
  3 shadow imps
  2 oozes
  A worm zombie (D:5)
  2 adder skeletons
  7 worms
  4 dart slugs
  3 leopard geckos
  43 orcs
  6 giant cockroaches
  14 goblins
  18 hobgoblins
  14 jackals
  15 kobolds
  2 quokkas
  12 bats
  4 frilled lizards
  5 goblin zombies (Ossuary)
  A hobgoblin zombie (Ossuary)
  3 kobold zombies (Ossuary)
  7 rats
  A spectral orc (D:7)
  2 bushes (Lair:3)
823 creatures vanquished.

Vanquished Creatures (collateral kills)
  2 trolls (D:12)
2 creatures vanquished.

Vanquished Creatures (others)
  A phantom (D:12)
  A centaur (D:14)
  17 fungi
  15 plants
  A withered plant (Spider:1)
35 creatures vanquished.

Grand Total: 860 creatures vanquished

Notes
Turn   | Place    | Note
-------+----------+-------------------------------------------
     0 | D:1      | MalarOregon the Minotaur Fighter began the quest for the
                  | Orb.
     0 | D:1      | Reached XP level 1. HP: 19/19 MP: 0/0
   339 | D:1      | Reached XP level 2. HP: 27/27 MP: 1/1
   489 | D:1      | Reached XP level 3. HP: 31/33 MP: 2/2
   742 | D:2      | Noticed Sigmund
   778 | D:1      | Killed Sigmund
   778 | D:1      | Reached XP level 4. HP: 37/41 MP: 3/3
   778 | D:1      | Reached XP level 5. HP: 43/47 MP: 4/4
   872 | D:2      | Reached skill level 5 in Long Blades
   872 | D:2      | Reached XP level 6. HP: 48/55 MP: 5/5
   938 | D:2      | Found a shadowy altar of Dithmenos.
  1075 | D:2      | Found a glowing golden altar of the Shining One.
  1080 | D:2      | Noticed Natasha
  1094 | D:2      | Killed Natasha
  1094 | D:2      | Reached skill level 5 in Fighting
  1094 | D:2      | Reached skill level 5 in Armour
  1190 | D:2      | Found a runed door.
  1225 | D:2      | Noticed Natasha
  1230 | D:2      | Killed Natasha
  1230 | D:2      | Reached skill level 5 in Shields
  1280 | D:2      | Noticed Natasha
  1283 | D:2      | Killed Natasha
  1297 | D:2      | Noticed Crazy Yiuf
  1302 | D:2      | Killed Crazy Yiuf
  1376 | D:2      | Became a worshipper of the Shining One
  1559 | D:3      | Found a sacrificial altar of Ru.
  2165 | D:4      | Found the cursed +13 scythe of Curses {drain, *Curse}
  2169 | D:4      | Got a dazzling leather armour
  2174 | D:4      | Reached XP level 7. HP: 56/61 MP: 6/6
  2701 | D:4      | Found a snail-covered altar of Cheibriados.
  2738 | D:5      | Entered Level 5 of the Dungeon
  2739 | D:5      | Reached * piety under the Shining One
  2755 | D:5      | Found a sand-covered staircase.
  2880 | D:5      | Identified the cursed +1 leather armour of the Sun {MR+}
                  | (You found it on level 4 of the Dungeon)
  2904 | Ossuary  | Entered an ossuary
  2904 | Ossuary  | Noticed a wraith
  2904 | Ossuary  | Noticed a wraith
  2904 | Ossuary  | Noticed a wraith
  2960 | Ossuary  | Reached ** piety under the Shining One
  3164 | Ossuary  | Noticed a wraith
  3174 | Ossuary  | Killed a wraith
  3174 | Ossuary  | Reached XP level 8. HP: 57/70 MP: 7/7
  3406 | D:5      | Found a white marble altar of Elyvilon.
  4012 | D:6      | Found a bloodstained altar of Trog.
  4025 | D:6      | Found a staircase to the Ecumenical Temple.
  4159 | D:6      | Found a deep blue altar of Sif Muna.
  4260 | D:6      | Reached *** piety under the Shining One
  4265 | D:6      | Reached XP level 9. HP: 79/79 MP: 8/8
  4584 | D:7      | Noticed a two-headed ogre
  4594 | D:7      | Killed a two-headed ogre
  4594 | D:7      | Reached skill level 10 in Long Blades
  4707 | D:7      | Found a basalt altar of Yredelemnul.
  5223 | D:7      | Reached XP level 10. HP: 60/90 MP: 9/9
  5716 | D:8      | Reached **** piety under the Shining One
  5853 | D:8      | Found a staircase to the Lair.
  6128 | D:8      | Noticed Gastronok
  6152 | D:8      | Killed Gastronok
  6461 | D:8      | Found an iron altar of Okawaru.
  6870 | D:9      | Found a bloodstained altar of Trog.
  7131 | D:9      | Got an iridescent rapier
  7492 | D:10     | Entered Level 10 of the Dungeon
  7536 | D:10     | Reached XP level 11. HP: 99/99 MP: 10/10
  7575 | D:10     | Noticed a two-headed ogre
  7590 | D:10     | Killed a two-headed ogre
  7590 | D:10     | Reached skill level 10 in Fighting
  7590 | D:10     | Reached skill level 10 in Armour
  7630 | D:10     | Noticed an unseen horror
  7641 | D:10     | Killed an unseen horror
  7641 | D:10     | Reached skill level 10 in Shields
  7740 | D:10     | Reached skill level 1 in Invocations
  7773 | D:10     | Reached skill level 1 in Evocations
  8178 | D:11     | Found a basalt altar of Yredelemnul.
  8189 | D:11     | Reached skill level 1 in Dodging
  8236 | D:11     | You fall through a shaft!
  8400 | D:12     | Noticed a two-headed ogre
  8408 | D:12     | Killed a two-headed ogre
  8413 | D:12     | Got a scorched turquoise ring
  8429 | D:12     | Noticed Nergalle
  8438 | D:12     | Killed Nergalle
  8453 | D:12     | Noticed a seven-headed hydra
  8454 | D:12     | Noticed a two-headed ogre
  8483 | D:12     | HP: 3/101 [seven-headed hydra (4)]
  8484 | D:12     | The Shining One protects you from harm!
  8740 | D:12     | Identified the cursed +0 rapier of Ru {drain, Int+4 Dex+2}
                  | (You found it on level 9 of the Dungeon)
  8750 | D:12     | Killed a seven-headed hydra
  9137 | D:12     | Found a staircase to the Orcish Mines.
  9257 | D:12     | Reached XP level 12. HP: 105/108 MP: 13/13
  9263 | D:12     | Killed a two-headed ogre
  9329 | D:12     | Noticed Erolcha
  9345 | D:12     | Killed Erolcha
  9380 | D:12     | HP: 1/108 [earth elemental (12)]
  9809 | D:12     | Noticed a catoblepas
  9843 | D:12     | Killed a catoblepas
 10690 | D:11     | Got a bloodstained scale mail
 10877 | D:11     | Identified the +6 scale mail of the Evening {Dex+4} (You
                  | found it on level 11 of the Dungeon)
 11132 | D:11     | Noticed a rakshasa
 11176 | D:11     | Killed a rakshasa
 11176 | D:11     | Reached ***** piety under the Shining One
 11232 | D:11     | Noticed a seven-headed hydra
 11235 | D:11     | Noticed a great orb of eyes
 11235 | D:11     | a seven-headed hydra changed into a great orb of eyes
 11243 | D:11     | Killed a great orb of eyes
 11243 | D:11     | Reached skill level 5 in Invocations
 11637 | Lair:1   | Entered Level 1 of the Lair of Beasts
 11638 | Lair:1   | Noticed a seven-headed hydra
 11646 | Lair:1   | Noticed a storm dragon
 11646 | Lair:1   | a seven-headed hydra changed into a storm dragon
 11656 | Lair:1   | Killed a storm dragon
 11656 | Lair:1   | Reached skill level 5 in Dodging
 11964 | Lair:1   | Reached XP level 13. HP: 77/117 MP: 16/16
 11985 | Lair:1   | Noticed Grum
 12008 | Lair:1   | Killed Grum
 12103 | Lair:1   | Noticed a fire dragon
 12128 | Lair:1   | Reached skill level 5 in Evocations
 12137 | Lair:1   | Killed a fire dragon
 12867 | Lair:2   | Noticed a minotaur
 12868 | Lair:2   | Noticed KeeTraxx's ghost (journeyman TrWr)
 12927 | Lair:2   | Found a runed gate.
 12927 | Lair:2   | Found a runed gate.
 12927 | Lair:2   | Found a runed gate.
 13102 | Lair:2   | Identified the ring "Istatetu" {AC+1 Str+3 Slay+2} (You
                  | found it on level 12 of the Dungeon)
 13126 | Lair:2   | Found a staircase to the Shoals.
 13130 | Lair:2   | Noticed Harold
 13145 | Lair:2   | Killed Harold
 13288 | Lair:2   | Got a translucent broad axe
 13782 | Lair:2   | Killed a minotaur
 13785 | Lair:2   | Killed KeeTraxx's ghost
 14573 | Lair:3   | HP: 4/119 [acid (14)]
 15531 | Lair:4   | Found a hole to the Spider Nest.
 16295 | Lair:4   | Noticed Rupert
 16309 | Lair:4   | Killed Rupert
 16309 | Lair:4   | Reached XP level 14. HP: 127/127 MP: 18/18
 17482 | Lair:5   | Found a staircase to the Slime Pits.
 17510 | Lair:5   | Found a viscous altar of Jiyva.
 18558 | Lair:6   | Entered Level 6 of the Lair of Beasts
 18967 | Lair:6   | Noticed Josephine
 18992 | Lair:6   | Killed Josephine
 19112 | Lair:6   | Learned a level 6 spell: Statue Form
 19187 | Lair:6   | Identified a scroll of acquirement
 19188 | Lair:6   | Got smoking shadow dragon scales
 19199 | Lair:6   | Identified the +5 shadow dragon scales of Plog {rPois
                  | Stlth++++} (You acquired it on level 6 of the Lair of
                  | Beasts)
 19318 | Lair:6   | Reached XP level 15. HP: 103/137 MP: 20/20
 19765 | D:13     | Found a gate to the Vaults.
 19770 | D:13     | Reached skill level 1 in Transmutations
 19779 | D:13     | Reached skill level 1 in Earth Magic
 20449 | D:14     | Found a labyrinth entrance.
 20464 | Lab      | Entered a labyrinth
 20872 | Lab      | Identified the Handbook of Unstable Ignition
 20873 | Lab      | Got a brightly glowing chain mail
 20873 | Lab      | Got a glittering brass ring
 20919 | D:14     | Identified the cursed +1 chain mail "Ighib" {MR+ Int+3
                  | Stlth-} (You found it in a labyrinth)
 20926 | D:14     | Identified the ring "Hokk" {*Corrode Str+6 Int+3 Stlth+}
                  | (You found it in a labyrinth)
 20958 | D:14     | Reached ****** piety under the Shining One
 21099 | D:14     | Noticed Snorg
 21122 | D:14     | Killed Snorg
 21331 | D:14     | Found a runed door.
 21333 | D:14     | Noticed Pulohom's ghost (journeyman DrTm)
 21810 | D:14     | Got a pitted lajatang
 21837 | D:15     | Entered Level 15 of the Dungeon
 22442 | D:15     | Got a crude spear
 22665 | D:15     | Found a staircase to the Depths.
 23317 | Spider:1 | Entered Level 1 of the Spider Nest
 23610 | Lair:4   | Reached skill level 10 in Dodging
 24248 | Spider:1 | Noticed Azrael
 24265 | Spider:1 | Killed Azrael
 24269 | Spider:1 | Reached XP level 16. HP: 51/147 MP: 22/22
 24873 | Spider:1 | Found a runed door.
 24873 | Spider:1 | Noticed Yandel's ghost (journeyman DgAr)
 25269 | Spider:1 | Killed Yandel's ghost
 26708 | Spider:2 | HP: 5/147 [emperor scorpion (19)]
 26708 | Spider:2 | HP: 1/147 [emperor scorpion (4)]
 26708 | Spider:2 | Slain by an emperor scorpion

Skill      XL: |  1  2  3  4  5  6  7  8  9 10 11 12 13 14 15 16 |
---------------+-------------------------------------------------+-----
Long Blades    | 3 4 5 6 7 9 11 12 13 14 | 14.0
Fighting       | 4 5 6 7 8 9 10 11 12 13 14 | 14.7
Armour         | 4 5 6 7 8 9 10 11 12 13 14 | 14.6
Shields        | 4 5 6 7 8 9 10 11 12 13 14 | 14.6
Invocations    | 3 5 7 8 9 |  9.9
Evocations     | 2 4 6 7 8 9 |  9.1
Dodging        | 2 5 7 9 10 | 10.5
Transmutations | 3 4 |  4.1
Earth Magic    | 3 4 |  4.4

Action                   |  1- 3 |  4- 6 |  7- 9 | 10-12 | 13-15 | 16-18 || total
-------------------------+-------+-------+-------+-------+-------+-------++-------
Melee: Long sword        |   103 |   130 |   363 |   755 |  1376 |   180 ||  2907
       Headbutt          |    10 |    28 |    80 |   214 |   476 |    89 ||   897
       Scimitar          |       |       |       |       |       |   152 ||   152
Throw: Tomahawk          |       |       |       |    13 |     1 |    10 ||    24
Invok: Divine Shield     |       |       |     1 |     7 |     3 |       ||    11
       Cleansing Flame   |       |       |       |       |     3 |       ||     3
 Abil: Evoke Berserk Rag |       |       |     1 |     3 |       |       ||     4
Evoke: Wand              |       |       |       |    26 |    88 |     2 ||   116
  Use: Potion            |     1 |       |       |     3 |    12 |     3 ||    19
       Scroll            |       |       |    10 |     9 |    18 |       ||    37
  Eat: Chunk             |       |     5 |    11 |    22 |    36 |     6 ||    80
       Ration            |       |       |       |     1 |     1 |     1 ||     3
Armor: Scale mail        |    82 |    36 |    25 |    63 |   183 |       ||   389
       Plate armour      |       |       |   155 |   287 |       |       ||   442
       Skin              |       |       |       |       |   144 |       ||   144
       Shadow dragon sca |       |       |       |       |    80 |       ||    80
       Chain mail        |       |       |       |       |   155 |   217 ||   372
Dodge: Dodged            |    46 |    29 |    69 |   190 |   518 |   228 ||  1080
Block: Shield            |    68 |    72 |   197 |   463 |  1414 |   458 ||  2672
       Reflection        |       |       |       |       |    19 |       ||    19
       Rpst.: Long sword |    14 |     5 |    15 |    43 |   123 |    23 ||   223
       Scimitar          |       |       |       |       |       |    17 ||    17
